 Dungeon Sprint DCSS version 0.29.1-14-g9c671dbff4 (webtiles) character file.

Game seed: 15886686371953794913

14200000 Groucho the Axe Maniac (level 27, -6/249 HPs)
             Began as a Formicid Fighter on Feb 18, 2023.
             Was the Champion of Makhleb.
             Killed by the air
             ... invoked by a tyrant
              (37 damage)
             ... in the Dungeon (Sprint VIII: "Arena of Blood").
             The game lasted 00:08:54 (142 turns).

Groucho the Axe Maniac (Formicid Fighter)            Turns: 142, Time: 00:08:55

Health: -6/249     AC: 13    Str: 24    XL:     27
Magic:  45/54      EV: 31    Int:  9    God:    Makhleb [******]
Gold:   0          SH: 12    Dex: 23    Spells: 80/80 levels left

rFire   . . .      SeeInvis +   h - +∞ Axe of Woe
rCold   . . .      Faith    .   c - +0 buckler
rNeg    . . .      Spirit   .   b - +0 scale mail
rPois   .          Reflect  .   (helmet unavailable)
rElec   .          Harm     .   (no cloak)
rCorr   .          Rampage  .   (no gloves)
Will    ++...                   (no boots)
Stlth   +++++++++.              (no amulet)
HPRegen 0.51/turn               (no ring)
MPRegen 0.34/turn               (no ring)

@: no status effects
A: permanent stasis, dig shafts and tunnels, antennae 3, four strong arms
a: Dig, Renounce Religion, Minor Destruction, Lesser Servant of Makhleb, Major
Destruction, Greater Servant of Makhleb


You were in the Dungeon.
You worshipped Makhleb.
Makhleb was exalted by your worship.
You visited 1 branch

Inventory:

Hand Weapons
 a - a +0 war axe
 h - the +∞ Axe of Woe (weapon)
   (You found it in the Dungeon)
Armour
 b - a +0 scale mail (worn)
 c - a +0 buckler (worn)
Jewellery
 f - a +250 ring of slaying
Potions
 d - a potion of might
 e - a potion of curing
 g - 2 potions of magic


   Skills:
 O Level 27 Fighting
 O Level 27 Short Blades
 O Level 27 Long Blades
 O Level 27 Axes
 O Level 27 Maces & Flails
 O Level 27 Polearms
 O Level 27 Staves
 O Level 27 Ranged Weapons
 O Level 27 Throwing
 O Level 27 Armour
 O Level 27 Dodging
 O Level 27 Stealth
 O Level 27 Shields
 O Level 27 Unarmed Combat
 O Level 27 Spellcasting
 O Level 27 Conjurations
 O Level 27 Hexes
 O Level 27 Summonings
 O Level 27 Necromancy
 O Level 27 Translocations
 O Level 27 Transmutations
 O Level 27 Fire Magic
 O Level 27 Ice Magic
 O Level 27 Air Magic
 O Level 27 Earth Magic
 O Level 27 Poison Magic
 O Level 27 Invocations
 O Level 27 Evocations


You had 80 spell levels left.
You didn't know any spells.
Your spell library was empty.

Dungeon Overview and Level Annotations

Branches:
Dungeon (1/1)

Altars:
Makhleb

Annotations:
D The Servant


Innate Abilities, Weirdness & Mutations

You cannot be hasted, slowed, berserked, paralysed or teleported.
You can dig through walls and to a lower floor.
You have a pair of large antennae on your head. (SInv)
Your four strong arms can wield two-handed weapons with a shield.


Message History

You open the large abomination like a pillowcase!!!
You butcher the large abomination messily.
You destroy the large abomination!
The large abomination disappears in a puff of smoke!
You are engulfed in blazing flames.
* * * LOW HITPOINT WARNING * * *
You hear a shout! x4
A dread comes into view.
You hear a shout!
A meat berserker comes into view. It is wielding a +9 battleaxe.
The accursed casts a spell at you. Something smites you!
* * * LOW HITPOINT WARNING * * *
A meat berserker comes into view. It is wielding a +9 battleaxe.
The accursed gestures at you while chanting.
Something smites you!
* * * LOW HITPOINT WARNING * * *
You hear a trumpeting!
You hear a shout! x5
You slice the scourge!! You chop the scourge into pieces.
You blow up the scourge!
Makhleb accepts your kill.
You feel better.
You slash the destroyer!
You dissect the destroyer like a pig carcass.
You destroy the destroyer!
Makhleb accepts your kill.
You feel better.
You hit the observer but do no damage.
You hew the observer savagely.
You kill the observer!
Makhleb accepts your kill.
You feel better.
You are engulfed in blazing flames.
* * * LOW HITPOINT WARNING * * *
You hear a shout! x5
The dread calls on the powers of darkness!
The bag of meat convulses!
Your body is wracked with pain!
* * * LOW HITPOINT WARNING * * *
The scourge convulses!
The bag of meat convulses! x5; The fleshlord convulses! x2
A fleshlord comes into view. It is wielding a +9 great mace.
The tyrant waves its bony arms in wide circles.
The air twists around and strikes you!!!
You die...

.. .... .........
{ #W.. ..§# .
#... ...# §
..###... .M.###V.
......###...Mp)°
.....L†_).Wo)§..
#2))))#{{{ {
#_§@§_# {{
#o§)§S#{ ° {
...Wo§☼X..o..
O..o..###W@X.o.
.O###.W.{.p.###..
. { #p.. ...# .
{{#... .{.# {{
W...MG..o


You could see 2 accurseds, a tentacled monstrosity (summoned), a meat beast
(fast), a tyrant, The Servant, a destroyer, a scourge, 3 fleshlords, a large
abomination (summoned), 4 dreads, 2 meat berserkers, 2 wretched souls and 7 bags
of meat.

Vanquished Creatures
  5 hell knights (D)
  9 hell beasts (D)
  A royal mummy (D)
  4 great orbs of eyes (D)
  6 wraiths (D)
  11 vampire knights (D)
  44 ogres (D)
  5 two-headed ogres (D)
  7 liches (D)
  2 hydras (D)
  7 phantoms (D)
  44 orcs (D)
  9 skeletal warriors (D)
  4 sea snakes (D)
158 creatures vanquished.

Vanquished Creatures (others)
  4 ogres (D)
  4 two-headed ogres (D)
  9 orcs (D)
17 creatures vanquished.

Grand Total: 175 creatures vanquished

Notes
Turn   | Place    | Note
-------+----------+-------------------------------------------
     0 | D        | Found the +∞ Axe of Woe
     0 | D        | Groucho the Formicid Fighter began the quest for the Orb.
     0 | D        | Reached XP level 1. HP: 18/18 MP: 1/1
     3 | D        | Noticed a meat berserker
     4 | D        | Became a worshipper of Makhleb the Destroyer
     5 | D        | Noticed a bag of meat
     8 | D        | Killed a meat berserker
     9 | D        | Reached XP level 2. HP: 24/24 MP: 2/2
     9 | D        | Reached XP level 3. HP: 29/29 MP: 3/3
     9 | D        | Reached XP level 4. HP: 35/35 MP: 4/4
     9 | D        | Reached XP level 5. HP: 41/41 MP: 5/5
     9 | D        | Reached XP level 6. HP: 47/47 MP: 6/6
     9 | D        | Reached XP level 7. HP: 52/52 MP: 7/7
     9 | D        | Reached XP level 8. HP: 58/58 MP: 8/8
     9 | D        | Reached XP level 9. HP: 64/64 MP: 9/9
     9 | D        | Reached XP level 10. HP: 70/70 MP: 10/10
     9 | D        | Reached XP level 11. HP: 75/75 MP: 11/11
     9 | D        | Reached XP level 12. HP: 81/81 MP: 12/12
     9 | D        | Noticed a meat berserker
    11 | D        | Killed a bag of meat
    11 | D        | Reached * piety under Makhleb
    11 | D        | Killed a meat berserker
    12 | D        | Reached XP level 13. HP: 86/86 MP: 13/13
    12 | D        | Reached XP level 14. HP: 93/93 MP: 14/14
    12 | D        | Noticed a bag of meat
    12 | D        | Noticed a bag of meat
    12 | D        | Noticed a bag of meat
    12 | D        | Noticed a bag of meat
    13 | D        | Noticed a bag of meat
    14 | D        | Noticed a meat berserker
    16 | D        | Killed a bag of meat
    16 | D        | Noticed a meat berserker
    17 | D        | Killed a meat berserker
    17 | D        | Reached ** piety under Makhleb
    17 | D        | Killed a bag of meat
    17 | D        | Noticed a meat berserker
    17 | D        | Noticed a meat berserker
    18 | D        | Reached skill level 27 in Axes
    18 | D        | Reached skill level 27 in Dodging
    18 | D        | Reached skill level 5 in Fighting
    18 | D        | Reached XP level 15. HP: 105/105 MP: 15/15
    18 | D        | Reached *** piety under Makhleb
    19 | D        | Reached skill level 10 in Fighting
    20 | D        | Reached XP level 16. HP: 127/127 MP: 16/16
    22 | D        | Killed a meat berserker
    23 | D        | Noticed a destroyer
    25 | D        | Killed a meat berserker
    25 | D        | Reached **** piety under Makhleb
    26 | D        | Reached XP level 17. HP: 145/145 MP: 17/17
    27 | D        | Killed a destroyer
    27 | D        | Killed a meat berserker
    27 | D        | Reached ***** piety under Makhleb
    27 | D        | Noticed a large bag of meat
    28 | D        | Reached skill level 27 in Armour
    28 | D        | Reached XP level 18. HP: 166/166 MP: 18/18
    30 | D        | Noticed a destroyer
    32 | D        | Reached skill level 27 in Shields
    34 | D        | Noticed a meat berserker
    34 | D        | Noticed a destroyer
    35 | D        | Killed a large bag of meat
    35 | D        | Noticed a large bag of meat
    36 | D        | Reached skill level 27 in Fighting
    36 | D        | Reached XP level 19. HP: 162/189 MP: 18/33
    36 | D        | Noticed a sculptor of flesh
    36 | D        | Killed a sculptor of flesh
    36 | D        | Noticed a meat berserker
    37 | D        | Killed a meat berserker
    37 | D        | Killed a destroyer
    37 | D        | Reached ****** piety under Makhleb
    37 | D        | Noticed a meat berserker
    37 | D        | Noticed a meat berserker
    38 | D        | Reached skill level 27 in Invocations
    39 | D        | Noticed a sculptor of flesh
    39 | D        | Noticed a destroyer
    39 | D        | Noticed a meat berserker
    39 | D        | Noticed an eight-headed meat hydra
    40 | D        | Killed a destroyer
    40 | D        | Killed a destroyer
    41 | D        | Reached XP level 20. HP: 186/197 MP: 19/45
    41 | D        | Noticed a destroyer
    41 | D        | Noticed a meat berserker
    42 | D        | Killed a meat berserker
    42 | D        | Noticed a meat berserker
    43 | D        | Killed a large bag of meat
    43 | D        | Killed a meat berserker
    43 | D        | Killed a destroyer
    44 | D        | Reached skill level 27 in Unarmed Combat
    44 | D        | Reached skill level 27 in Spellcasting
    44 | D        | Reached XP level 21. HP: 165/204 MP: 19/52
    45 | D        | Killed a meat berserker
    46 | D        | Killed a meat berserker
    48 | D        | Killed a meat berserker
    48 | D        | Noticed a meat berserker
    49 | D        | Reached XP level 22. HP: 118/212 MP: 21/53
    49 | D        | Killed a meat berserker
    51 | D        | Killed a nine-headed meat hydra
    52 | D        | Noticed a meat berserker
    53 | D        | Noticed a meat berserker
    54 | D        | Killed a meat berserker
    54 | D        | Noticed a large bag of meat
    55 | D        | Killed a meat berserker
    56 | D        | Noticed a destroyer
    58 | D        | Noticed a meat berserker
    59 | D        | Killed a meat berserker
    59 | D        | Noticed a destroyer
    60 | D        | Noticed a dread
    60 | D        | Noticed a meat berserker
    60 | D        | Noticed a meat berserker
    60 | D        | Noticed a tyrant
    60 | D        | Noticed a large bag of meat
    60 | D        | Noticed a meat berserker
    61 | D        | Noticed a destroyer
    61 | D        | Noticed a meat berserker
    61 | D        | Noticed a meat berserker
    61 | D        | Noticed a meat berserker
    61 | D        | Noticed a meat berserker
    62 | D        | Killed a destroyer
    63 | D        | Reached skill level 27 in Maces & Flails
    63 | D        | Reached skill level 27 in Polearms
    63 | D        | Reached XP level 23. HP: 138/219 MP: 24/54
    64 | D        | Noticed a destroyer
    67 | D        | Killed a destroyer
    68 | D        | Killed a destroyer
    69 | D        | Reached XP level 24. HP: 227/227 MP: 26/54
    70 | D        | Killed a destroyer
    70 | D        | Noticed a dread
    71 | D        | Reached XP level 25. HP: 234/234 MP: 26/54
    71 | D        | Killed a large bag of meat
    71 | D        | Noticed a large bag of meat
    71 | D        | Noticed a meat beast
    72 | D        | Noticed a tyrant
    73 | D        | Noticed a meat beast
    73 | D        | Noticed an accursed
    75 | D        | Killed a meat beast
    76 | D        | Reached skill level 27 in Short Blades
    76 | D        | Reached skill level 27 in Long Blades
    76 | D        | Reached skill level 27 in Staves
    76 | D        | Reached skill level 27 in Ranged Weapons
    76 | D        | Reached skill level 5 in Conjurations
    76 | D        | Reached skill level 5 in Translocations
    76 | D        | Reached skill level 5 in Air Magic
    77 | D        | Noticed a meat beast
    77 | D        | Killed a meat beast
    77 | D        | Noticed a meat beast
    77 | D        | Noticed a large bag of meat
    78 | D        | Reached skill level 10 in Throwing
    78 | D        | Reached skill level 10 in Summonings
    78 | D        | Reached skill level 10 in Necromancy
    78 | D        | Reached skill level 10 in Fire Magic
    78 | D        | Reached skill level 10 in Ice Magic
    78 | D        | Reached XP level 26. HP: 99/242 MP: 28/54
    80 | D        | Killed a meat beast
    81 | D        | Reached skill level 15 in Hexes
    81 | D        | Reached skill level 15 in Earth Magic
    81 | D        | Reached XP level 27. HP: 106/249 MP: 29/54
    81 | D        | Killed a meat beast
    82 | D        | Reached skill level 15 in Throwing
    82 | D        | Reached skill level 15 in Summonings
    82 | D        | Reached skill level 15 in Necromancy
    82 | D        | Reached skill level 15 in Fire Magic
    82 | D        | Reached skill level 15 in Ice Magic
    82 | D        | Killed a dread
    83 | D        | Reached skill level 15 in Conjurations
    83 | D        | Reached skill level 15 in Translocations
    86 | D        | Killed a tyrant
    87 | D        | Killed a large bag of meat
    88 | D        | Reached skill level 15 in Air Magic
    89 | D        | Noticed a meat beast
    89 | D        | Noticed a tyrant
    90 | D        | Noticed a tyrant
    91 | D        | Killed an accursed
    92 | D        | Killed a meat beast
    96 | D        | Killed a tyrant
    96 | D        | Killed a large bag of meat
   100 | D        | Killed a tyrant
   100 | D        | Noticed an accursed
   100 | D        | Killed a large bag of meat
   101 | D        | Reached skill level 27 in Stealth
   101 | D        | Reached skill level 27 in Poison Magic
   101 | D        | Noticed an accursed
   101 | D        | Killed a large bag of meat
   102 | D        | Noticed a dread
   103 | D        | Noticed a meat beast
   103 | D        | Noticed an accursed
   103 | D        | Noticed a dread
   103 | D        | Noticed a tyrant
   103 | D        | HP: 10/249 [??? (8)]
   104 | D        | Killed a large bag of meat
   106 | D        | Killed a meat beast
   108 | D        | Killed a dread
   109 | D        | Reached skill level 27 in Hexes
   109 | D        | Reached skill level 27 in Earth Magic
   109 | D        | Noticed a dread
   111 | D        | Killed a dread
   112 | D        | Noticed a tyrant
   113 | D        | Reached skill level 27 in Transmutations
   113 | D        | Reached skill level 27 in Evocations
   114 | D        | Killed a tyrant
   117 | D        | Killed a dread
   118 | D        | Reached skill level 27 in Throwing
   118 | D        | Reached skill level 27 in Necromancy
   118 | D        | Reached skill level 27 in Fire Magic
   118 | D        | Reached skill level 27 in Ice Magic
   119 | D        | Reached skill level 27 in Summonings
   119 | D        | Noticed a fleshlord
   119 | D        | Noticed a fleshlord
   120 | D        | Noticed a meat beast
   121 | D        | Noticed a fleshlord
   122 | D        | Reached skill level 27 in Conjurations
   122 | D        | Reached skill level 27 in Translocations
   122 | D        | Reached skill level 27 in Air Magic
   122 | D        | Noticed a tyrant
   124 | D        | Killed a tyrant
   124 | D        | Noticed a meat beast
   124 | D        | Noticed a large bag of meat
   124 | D        | Noticed an accursed
   125 | D        | Killed a tyrant
   125 | D        | Killed a fleshlord
   126 | D        | Killed a meat beast
   127 | D        | Noticed a tyrant
   128 | D        | Killed a fleshlord
   128 | D        | Noticed a destroyer
   129 | D        | Killed a meat beast
   130 | D        | Noticed a meat beast
   130 | D        | Noticed a fleshlord
   131 | D        | Noticed a tyrant
   132 | D        | Noticed a fleshlord
   134 | D        | Killed a fleshlord
   134 | D        | Killed a destroyer
   134 | D        | Noticed The Servant
   134 | D        | Noticed an accursed
   135 | D        | Killed a meat beast
   135 | D        | Killed a large bag of meat
   135 | D        | Noticed a dread
   135 | D        | Noticed a dread
   136 | D        | Noticed a dread
   136 | D        | Noticed a fleshlord
   136 | D        | Killed a fleshlord
   136 | D        | Killed a dread
   136 | D        | Noticed a destroyer
   136 | D        | Noticed a dread
   137 | D        | Noticed a meat beast
   138 | D        | Noticed a fleshlord
   138 | D        | Killed a dread
   138 | D        | Killed a tyrant
   138 | D        | Noticed a destroyer
   140 | D        | Killed a fleshlord
   140 | D        | Noticed a meat beast
   141 | D        | Noticed a dread
   141 | D        | HP: 9/249 [accursed/divine providence (12)]
   142 | D        | Killed a destroyer
   142 | D        | Noticed a fleshlord
   142 | D        | Killed from afar by a tyrant

Illustrated notes

Levels and vault maps discovered:
D:        meatsprint

Skill      XL: |  1  2  3  4  5  6  7  8  9 10 11 12 13 14 15 16 17 18 19 20 21 22 23 24 25 26 27 |
---------------+----------------------------------------------------------------------------------+-----
Axes           | 20 25 27 | 27.0
Dodging        | 19 23 27 | 27.0
Fighting       | 5 11 16 21 27 | 27.0
Armour         | 7 16 22 27 | 27.0
Shields        | 7 14 19 25 27 | 27.0
Invocations    | 21 27 | 27.0
Unarmed Combat | 21 27 | 27.0
Spellcasting   | 21 27 | 27.0
Maces & Flails | 13 19 27 | 27.0
Polearms       | 13 19 27 | 27.0
Short Blades   | 7 20 25 27 | 27.0
Long Blades    | 7 20 25 27 | 27.0
Staves         | 7 20 25 27 | 27.0
Ranged Weapons | 7 20 25 27 | 27.0
Throwing       | 10 13 27 | 27.0
Stealth        | 13 17 27 | 27.0
Conjurations   | 9 12 27 | 27.0
Hexes          | 12 15 27 | 27.0
Summonings     | 10 13 27 | 27.0
Necromancy     | 10 13 27 | 27.0
Translocations | 9 12 27 | 27.0
Transmutations | 11 14 27 | 27.0
Fire Magic     | 10 13 27 | 27.0
Ice Magic      | 10 13 27 | 27.0
Air Magic      | 9 11 27 | 27.0
Earth Magic    | 12 15 27 | 27.0
Poison Magic   | 13 17 27 | 27.0
Evocations     | 11 14 27 | 27.0

Action                   |  1- 3 |  4- 6 |  7- 9 | 10-12 | 13-15 | 16-18 | 19-21 | 22-24 | 25-27 || total
-------------------------+-------+-------+-------+-------+-------+-------+-------+-------+-------++-------
Melee: Executioner's axe |     1 |       |       |     1 |     4 |     7 |     8 |    15 |    53 ||    89
  Use: Potion            |       |       |       |       |       |       |       |       |     1 ||     1
 Stab: Distracted        |       |       |       |       |       |       |       |       |     1 ||     1
Armor: Scale mail        |       |       |       |       |       |       |       |       |     1 ||     1
Dodge: Dodged            |       |       |       |       |       |       |       |       |     6 ||     6
Block: Buckler           |       |       |       |       |       |       |       |       |     2 ||     2
